 Dungeon Crawl Stone Soup version 0.29.0-4-gdea44cf6ec (webtiles) character file.

Game seed: 9107467263664752521

7 qw the Sneak (level 2, -4/19 HPs)
             Began as a Gargoyle Delver on Sept 10, 2022.
             Splashed by a jelly's acid (7 damage)
             ... on level 4 of the Dungeon.
             The game lasted 00:00:06 (576 turns).

qw the Sneak (Gargoyle Delver)                       Turns: 576, Time: 00:00:07

Health: -4/19      AC:  1    Str: 15    XL:     2   Next: 4%
Magic:  2/2        EV: 11    Int: 10    God:
Gold:   8          SH:  0    Dex: 11    Spells: 1/1 levels left

rFire   . . .      SeeInvis .   Y - +0 hand axe
rCold   . . .      Faith    .   (no shield)
rNeg    + . .      Spirit   .   b - +0 leather armour
rPois   inf        Reflect  .   (no helmet)
rElec   +          Harm     .   (no cloak)
rCorr   .          Rampage  .   (no gloves)
Will    .....                   (no boots)
Stlth   +++.......              (no amulet)
HPRegen 0.06/turn               (no ring)
MPRegen 0.08/turn               (no ring)

@: corroded
A: sickness immunity, AC +2, negative energy resistance 1, electricity
resistance, torment resistance 1, petrification resistance
a: no special abilities


You were on level 4 of the Dungeon.
You visited 1 branch of the dungeon, and saw 2 of its levels.

You collected 8 gold pieces.


Innate Abilities, Weirdness & Mutations

You are immune to sickness and miasma.
Your stone body is resilient. (AC +2)
You are immune to poison.
You resist negative energy. (rN+)
You are resistant to electric shocks. (rElec)
You are resistant to unholy torment.
You are immune to petrification.


   Skills:
 - Level 3.2 Fighting
 + Level 2.4 Axes
 - Level 1.5 Dodging
 - Level 5.4 Stealth


You had one spell level left.
You didn't know any spells.
Your spell library was empty.

Inventory:

Hand Weapons
 h - a +0 club
 Y - a +0 hand axe (weapon)
Missiles
 i - a boomerang (quivered)
Armour
 b - a +0 leather armour (worn)
Wands
 g - a wand of digging (3)
Potions
 f - a potion of haste

Dungeon Overview and Level Annotations

Branches:
Dungeon (5/15)
 Temple: D:4-7

Altars:


Message History

558 ||| DROPPING scroll of fog.
You drop a scroll of fog.
559 ||| DROPPING scroll of magic mapping.
You drop a scroll of magic mapping.
560 ||| DROPPING scroll of fear.
You drop a scroll of fear.
(D) Dungeon
Where to? (* - list waypoints, ? - help)
What level of the Dungeon? (default 1, ? - help)
Found 3 silver javelins.
There is a stone staircase leading up here.
You climb upwards.
The adder hisses angrily.
Found a robe, a smelly ring mail and a scroll labelled JYNINU WEMAG.
There is a stone staircase leading down here.
There are monsters nearby!
Existing waypoints: (2) D:5 Assign waypoint to what number? (0-9, D - delete waypoint) Waypoint 1 assigned to D:4.
Enter note: The jelly quivers.
You hit the jelly.
Your hands burn!
The jelly is moderately wounded.
The jelly hits you but does no damage.
You hit the jelly. The acid corrodes you!
Your hands burn!
The jelly is heavily wounded.
The jelly closely misses you.
You hit the jelly.
Your hands burn!
The jelly is severely wounded.
You hit the adder. The adder closely misses you.
The jelly hits you but does no damage. The adder closely misses you.
You hit the jelly.
Your hands burn!
The jelly is severely wounded.
You miss the adder. The jelly misses you. The adder closely misses you.
You hit the jelly.
Your hands burn!
The jelly is almost dead.
You hit the adder. The adder bites you. The jelly hits you.
You are splashed with acid!
You die...

#### #..##
#...#
##[.. .[..
#..# ##
#SJ##...##
#.@.o....#
#........#
#........#
#....##.##
#....# #
#..?..
#.....#
#.....#


You could see a jelly, an adder and an orc (asleep).

Vanquished Creatures
  3 orcs (D:5)
  A quokka (D:5)
4 creatures vanquished.

Notes
Turn   | Place    | Note
-------+----------+-------------------------------------------
     0 | D:5      | qw the Gargoyle Delver began the quest for the Orb.
     0 | D:5      | Reached XP level 1. HP: 14/14 MP: 1/1
     0 | D:5      | 0 ||| qw: Version: 0.1-a-116-g5d60599
     0 | D:5      | 0 ||| qw: Game counter: 8415
     0 | D:5      | 0 ||| qw: Always use a shield: true
     0 | D:5      | 0 ||| qw: God list: Okawaru
     0 | D:5      | 0 ||| qw: Allow faded altars: false
     0 | D:5      | 0 ||| qw: Do Orc after D:15 true
     0 | D:5      | 0 ||| qw: Do second Lair branch before Depths: true
     0 | D:5      | 0 ||| qw: Lair rune preference: random
     0 | D:5      | 0 ||| qw: Plans: Normal
     0 | D:5      | 0 ||| PLANNING D:1-11
    98 | D:5      | 98 ||| Stepping ~*~*~tactically~*~*~ (stealth).
   101 | D:5      | 101 ||| Stepping ~*~*~tactically~*~*~ (stealth).
   103 | D:5      | 103 ||| Stepping ~*~*~tactically~*~*~ (stealth).
   110 | D:5      | 110 ||| Stepping ~*~*~tactically~*~*~ (stealth).
   118 | D:5      | HP: 2/14 [orc/+0 club (2)]
   448 | D:5      | Reached XP level 2. HP: 15/19 MP: 2/2
   557 | D:5      | 557 ||| READING scroll labelled JUHUHE IRECHUU.
   558 | D:5      | 558 ||| DROPPING scroll of fog.
   559 | D:5      | 559 ||| DROPPING scroll of magic mapping.
   560 | D:5      | 560 ||| DROPPING scroll of fear.
   576 | D:4      | HP: 3/19 [jelly (2)]
   576 | D:4      | Splashed by a jelly's acid

Levels and vault maps discovered:
D:4:      layout_gridville, kennysheep_okawaru_gauntlet,
          mainiacjoe_overflow_tiny_flanked, mainiacjoe_overflow_surrounded_room,
          uniq_pikel
D:5:      layout_basic, fedhas_ov_isle_minmay

Skill      XL: |  1 |
---------------+----+-----
Axes           | 2 |  2.4
Fighting       | |  3.2
Dodging        | |  1.5
Stealth        | |  5.4

Action                   || total
-------------------------++-------
Melee: Hand axe          ||    22
Throw: Boomerang         ||     2
  Use: Scroll            ||     1
Armor: Leather armour    ||     7
Dodge: Dodged            ||    10

Table legend:
 A = Non-vault XP
 B = Vault XP
 C = Vault XP percentage of total XP
 D = Non-vault monster count
 E = Vault monster count
 F = Vault count percentage of total count
                 A         B        C        D         E       F
            +---------+---------+-------+---------+---------+-------
      Total |      11 |       0 |   0.0 |       4 |       0 |   0.0
            +---------+---------+-------+---------+---------+-------
        D:5 |      11 |       0 |   0.0 |       4 |       0 |   0.0
            +---------+---------+-------+---------+---------+-------
